 Dungeon Crawl Stone Soup version 0.30-a0-802-gb92711bcdf (webtiles) character file.

Game seed: 3854997758959827822

18549 mandoloar the Thaumaturge (level 12, -21/73 HPs)
             Began as a Deep Elf Conjurer on Feb 24, 2023.
             Was a Priest of Vehumet.
             Demolished by a skyshark (28 damage)
             ... on level 2 of the Lair of Beasts.
             The game lasted 00:45:59 (16559 turns).

mandoloar the Thaumaturge (Deep Elf Conjurer)      Turns: 16559, Time: 00:45:59

Health: -21/73     AC:  9    Str:  2    XL:     12   Next: 28%
Magic:  19/30      EV: 17    Int: 31    God:    Vehumet [***...]
Gold:   521        SH:  0    Dex: 13    Spells: 12/35 levels left

rFire   + + .      SeeInvis .    a - staff of conjuration
rCold   . . .      Faith    .    (no shield)
rNeg    . . .      Spirit   .    u - +0 steam dragon scales
rPois   .          Reflect  .    K - +0 helmet
rElec   .          Harm     .    (no cloak)
rCorr   +          Rampage  .    h - +0 pair of gloves
Will    +....                    g - +1 pair of boots of the Komodo Dragon {Int+2}
Stlth   +++                      e - amulet of regeneration
HPRegen 1.12/turn                B - ring "Hexyguif" {rF++ rCorr Str-2 Stlth+}
MPRegen 0.22/turn                x - ring of wizardry

@: no status effects
A: no striking features
a: Renounce Religion


You were on level 2 of the Lair of Beasts.
You worshipped Vehumet.
Vehumet was most pleased with you.
You visited 3 branches of the dungeon, and saw 13 of its levels.
You also visited: Bailey.

You collected 601 gold pieces.
You spent 80 gold pieces at shops.

Inventory:

Hand Weapons
 b - a +2 short sword of flaming
 L - the +4 falchion of Deomop {heavy, *Slow Will+ Int+2 SInv}
   (You found it on level 2 of the Lair of Beasts)

   Int:       It affects your intelligence (+2).
   SInv:      It lets you see invisible.
   *Slow:     It may slow you when you take damage.
   Will:      It increases your willpower.
Armour
 g - the +1 pair of boots of the Komodo Dragon (worn) {Int+2}
   (You acquired it on level 3 of the Dungeon)

   Int:       It affects your intelligence (+2).
 h - a +0 pair of gloves (worn)
 u - +0 steam dragon scales (worn)
 G - a +0 kite shield
 K - a +0 helmet (worn)
Magical Staves
 a - a staff of conjuration (weapon)
Jewellery
 d - a ring of protection from fire
 e - an amulet of regeneration (around neck)
 q - a +4 ring of protection
 x - a ring of wizardry (right hand)
 B - the ring "Hexyguif" (left hand) {rF++ rCorr Str-2 Stlth+}
   (You acquired it on level 9 of the Dungeon)

   [ring of resist corrosion]

   Str:       It affects your strength (-2).
   rF:        It greatly protects you from fire.
   rCorr:     It protects you from acid and corrosion.
   Stlth:     It makes you more stealthy.
 E - a ring of see invisible
Wands
 j - a wand of polymorph (22)
 w - a wand of digging (4)
 z - a wand of flame (24)
 C - a wand of paralysis (16)
 M - a wand of mindburst (3)
Scrolls
 k - 7 scrolls of identify
 p - 4 scrolls of enchant weapon
 y - 3 scrolls of blinking
 A - a scroll of amnesia
 D - a scroll of teleportation
 F - a scroll of enchant armour
 I - a scroll of silence {unknown}
 J - a scroll of magic mapping
Potions
 c - 2 potions of cancellation
 f - 2 potions of lignification
 i - a potion of ambrosia
 l - 6 potions of curing
 m - 4 potions of mutation
 n - 4 potions of flight
 o - 5 potions of brilliance
 s - 3 potions of attraction
 t - a potion of heal wounds
 v - a potion of haste
 H - a potion of resistance


   Skills:
 + Level 7.6 Fighting
 + Level 11.3 Dodging
 - Level 2.4 Stealth
 + Level 2.6 Shields
 + Level 12.2 Spellcasting
 + Level 11.1 Conjurations
 - Level 7.0 Hexes
 - Level 7.0 Translocations


You had 12 spell levels left.
You knew the following spells:

 Your Spells              Type           Power      Damage    Failure   Level
a - Magic Dart            Conj           100%       1d8       1%          1
b - Searing Ray           Conj           100%       2d8       1%          2
c - Fulminant Prism       Conj/Hex       42%        3d19      1%          4
d - Iskenderun's Mystic   Conj/Tloc      85%        2d17      1%          4
e - Orb of Destruction    Conj           46%        9d12      2%          7
f - Iskenderun's Battles  Conj           93%        2d14      1%          5

Your spell library contained the following spells:

 Spells                   Type           Power      Damage    Failure   Level
 Sticky Flame             Conj/Fire      69%        2d8       1%          4
 Freeze                   Ice            72%        1d8       1%          1
 Lesser Beckoning         Tloc           100%       N/A       1%          2
 Static Discharge         Conj/Air       100%       2-7/arc   1%          2
 Sublimation of Blood     Necr           18%        N/A       1%          2
 Dazzling Flash           Conj/Hex       100%       N/A       1%          3
 Frozen Ramparts          Ice            36%        1d6       1%          3
 Gell's Gravitas          Tloc           58%        N/A       1%          3
 Hailstorm                Conj/Ice       69%        3d14      1%          3
 Teleport Other           Tloc           58%        N/A       1%          3
 Vhi's Electric Charge    Tloc/Air       80%        N/A       1%          3
 Arcjolt                  Conj/Air       34%        1d44      1%          5
 Fireball                 Conj/Fire      34%        3d14      1%          5
 Irradiate                Conj/Tmut      34%        3d23      1%          5
 Lightning Bolt           Conj/Air       34%        1d52      1%          5
 Ozocubu's Armour         Ice            18%        N/A       3%          3
 Conjure Ball Lightning   Conj/Air       34%        3x3d11    4%          6
 Iron Shot                Conj/Erth      34%        9d7       4%          6
 Metabolic Englaciation   Hex/Ice        20%        N/A       7%          5
 Ice Form                 Ice/Tmut       18%        N/A       11%         4
 Petrify                  Tmut/Erth      18%        N/A       11%         4
 Summon Ice Beast         Ice/Summ       18%        N/A       11%         4
 Summon Lightning Spire   Summ/Air       18%        N/A       11%         4
 Spellforged Servitor     Conj/Summ      34%        N/A       22%         7
 Simulacrum               Ice/Necr       9%         N/A       82%         6
 Storm Form               Tmut/Air       9%         N/A       100%        7
 Maxwell's Capacitive Co  Air            9%         ∞         100%        8


Dungeon Overview and Level Annotations

Branches:
Dungeon (10/15)            Temple (1/1) D:6            Lair (2/5) D:10
 Shoals (0/4) Lair:2       Bailey (visited)
  Snake: Lair:2-3    Spider: Lair:2-3       Orc: D:9-12

Altars:
Ashenzari
Cheibriados
Dithmenos
Elyvilon
Fedhas
Gozag
Hepliaklqana
Kikubaaqudgha
Makhleb
Nemelex Xobeh
Okawaru
Qazlal
Ru
Sif Muna
Trog
Uskayaw
Vehumet
Wu Jian
Xom
Yredelemnul
Zin
The Shining One

Shops:
D:7 !   D:8 =


Message History

Casting: Iskenderun's Mystic Blast (safe; 1% risk of failure)
Confirm with . or Enter, or press ? or * to list all spells.
You don't have enough magic to cast this spell.
Magic courses through your body. The skyshark closely misses you.
The skyshark misses you. The skyshark completely misses you.
The skyshark attacks as you move away! The skyshark bites you!!
The skyshark enters a blood-rage!
The skyshark misses you.
The skyshark tail-slaps you but does no damage.
Casting: Iskenderun's Mystic Blast (safe; 1% risk of failure)
Confirm with . or Enter, or press ? or * to list all spells.
You feel a surge of power!
You erupt in a blast of force!
The mystic blast hits the elephant!!
The elephant is heavily wounded.
The elephant is knocked back by the mystic blast.
The mystic blast hits the skyshark.
The skyshark is moderately wounded.
The skyshark is knocked back by the mystic blast.
You hear a trumpeting! x2
Casting: Iskenderun's Mystic Blast (safe; 1% risk of failure)
Confirm with . or Enter, or press ? or * to list all spells.
You feel a surge of power!
You erupt in a blast of force!
The mystic blast hits the skyshark!
The skyshark is heavily wounded.
The skyshark is knocked back by the mystic blast.
You hear a trumpeting!
An elephant comes into view.
An elephant comes into view.
Casting: Iskenderun's Mystic Blast (safe; 1% risk of failure)
Confirm with . or Enter, or press ? or * to list all spells.
You feel a surge of power!
You erupt in a blast of force!
The mystic blast hits the skyshark!
The skyshark is heavily wounded.
You hear a trumpeting!
The skyshark bites you! The skyshark tail-slaps you!
The skyshark tail-slaps you but does no damage.
You hear a trumpeting!
The skyshark attacks as you move away! The skyshark bites you!!
* * * LOW HITPOINT WARNING * * *
The skyshark misses you. x2; The skyshark bites you!!
You die...

......~≈≈≈≈~<..#
......~≈≈≈≈~...####..............
....#..≈≈≈≈≈~...# ...............
<......~~~≈...#####..............
..........≈#######...............
......###..##..##.P.....Y........
.......###.#............#.>...#
......P##..............###...# ##
^...............@l...Y....Y..##..
......#.P..............##........
......###..#.>.........#.##P....#
......###..#..........Y..Y......#
.......##.##.............###....#
......###.P##..#.#........##.....
..##...#...#####..P......#.#....#
..P........# ###P....~♣♣♣....#.##
...P.......#.#.PPP.♣~♣~~~........


You could see a skyshark (berserk) and 2 elephants.

Vanquished Creatures
  4 two-headed ogres
  Pikel (D:4)
  2 harpies (Lair:2)
  A black mamba (Lair:2)
  3 komodo dragons
  2 trolls
  3 meliai (D:10)
  3 polar bears (Lair:1)
  A dream sheep (Lair:2)
  4 blink frogs (Lair:2)
  A shadow (D:10)
  2 wraiths
  36 yaks
  5 wyverns
  2 steam dragons
  2 water moccasins
  3 orc warriors
  A sky beast (D:7)
  An ice beast (D:7)
  7 black bears
  An ogre (D:7)
  A centaur (D:8)
  A lemure (D:3)
  2 phantoms (D:4)
  2 kobold brigands
  13 bullfrogs
  2 gnoll sergeants
  2 scorpions (D:7)
  5 wights (D:9)
  13 killer bees
  An electric eel (Lair:2)
  A howler monkey (D:9)
  2 jellies (D:7)
  6 hounds
  3 orc priests
  2 gnoll boudas
  2 iguanas
  7 orc wizards
  14 gnolls
  7 adders
  A shadow imp (D:8)
  A white imp (D:5)
  2 dart slugs
  27 orcs
  5 ball pythons
  9 endoplasms
  2 giant cockroaches
  4 goblins
  6 hobgoblins
  3 jackals (D:2)
  3 quokkas
  A frilled lizard (D:1)
  24 kobolds
  5 rats
264 creatures vanquished.

Vanquished Creatures (others)
  137 fulminant prisms
  20 fungi
  28 plants
  6 toadstools (Lair:2)
191 creatures vanquished.

Grand Total: 455 creatures vanquished

Notes
Turn   | Place    | Note
-------+----------+-------------------------------------------
     0 | D:1      | mandoloar the Deep Elf Conjurer began the quest for the
                  | Orb.
     0 | D:1      | Reached XP level 1. HP: 10/10 MP: 6/6
   236 | D:1      | Reached XP level 2. HP: 16/16 MP: 6/8
   810 | D:1      | Learned a level 2 spell: Searing Ray
  1115 | D:1      | Found a faded altar of an unknown god.
  1433 | D:2      | Reached skill level 1 in Fighting
  1433 | D:2      | Reached XP level 3. HP: 20/20 MP: 3/10
  1711 | D:2      | Found an opulent altar of Gozag.
  2024 | D:3      | Reached skill level 4 in Spellcasting
  2024 | D:3      | Reached XP level 4. HP: 25/25 MP: 2/12
  2240 | D:3      | Identified a scroll of acquirement
  2240 | D:3      | Acquired the +1 pair of boots of the Komodo Dragon {Int+2}
  2265 | D:3      | Learned a level 4 spell: Fulminant Prism
  2270 | D:3      | Learned a level 4 spell: Iskenderun's Mystic Blast
  2455 | D:3      | Identified the +5 ring mail of Ysaef {Drain rElec Will-
                  | Str+8}
  2475 | D:3      | Reached skill level 5 in Conjurations
  2483 | D:3      | Acquired a book of the Spheres
  2794 | D:3      | Found a shimmering blue altar of Sif Muna.
  2797 | D:3      | Found a basalt altar of Yredelemnul.
  2797 | D:3      | Found a sparkling altar of Nemelex Xobeh.
  2799 | D:3      | Found a blossoming altar of Fedhas.
  2799 | D:3      | Found a shimmering altar of Xom.
  2799 | D:3      | Found a basalt altar of Yredelemnul.
  3092 | D:4      | Noticed a lemure
  3104 | D:3      | Killed a lemure
  3340 | D:4      | Noticed Pikel
  3348 | D:4      | Noticed a lemure
  3351 | D:4      | Killed Pikel
  3352 | D:4      | Reached skill level 5 in Dodging
  3352 | D:4      | Reached skill level 5 in Spellcasting
  3352 | D:4      | Reached XP level 5. HP: 32/32 MP: 0/15
  3352 | D:4      | Reached XP level 6. HP: 36/36 MP: 0/16
  3352 | D:4      | Reached XP level 7. HP: 40/40 MP: 0/17
  3736 | D:4      | Reached skill level 6 in Spellcasting
  4093 | D:4      | Reached skill level 1 in Translocations
  4104 | D:4      | Reached skill level 1 in Hexes
  4436 | D:5      | Entered Level 5 of the Dungeon
  4668 | D:5      | Noticed a troll
  4674 | D:5      | Killed a troll
  4675 | D:5      | Reached XP level 8. HP: 46/46 MP: 10/19
  7159 | D:6      | Learned a level 7 spell: Orb of Destruction
  7397 | D:6      | Found a staircase to the Ecumenical Temple.
  7402 | Temple   | Entered the Ecumenical Temple
  7569 | Temple   | Became a worshipper of Vehumet
  7799 | D:7      | Reached skill level 7 in Spellcasting
  8277 | D:7      | Noticed a two-headed ogre
  8294 | D:7      | Killed a two-headed ogre
  8295 | D:7      | Reached XP level 9. HP: 52/52 MP: 6/22
  8440 | D:7      | Reached skill level 5 in Hexes
  8453 | D:7      | Reached skill level 8 in Spellcasting
  8945 | D:7      | Reached skill level 5 in Translocations
  8955 | D:7      | Reached skill level 5 in Fighting
  8984 | D:7      | Reached * piety under Vehumet
  8984 | D:7      | Offered knowledge of Freeze by Vehumet.
  8985 | D:7      | Reached XP level 10. HP: 23/59 MP: 16/24
  9123 | D:7      | Found Bucwap's Distillery.
  9127 | D:7      | Bought a potion of heal wounds for 80 gold pieces
  9838 | D:8      | Found a flagged portal.
  9845 | Bailey   | Entered a bailey
 10147 | D:8      | Found a bloodstained altar of Trog.
 10147 | D:8      | Found a stormy altar of Qazlal.
 10147 | D:8      | Found a broken altar of Ashenzari.
 10197 | D:8      | Reached skill level 9 in Spellcasting
 10745 | D:8      | Found Ygar's Jewellery Boutique.
 11474 | D:9      | Reached ** piety under Vehumet
 11474 | D:9      | Offered knowledge of Shock by Vehumet.
 11750 | D:9      | Found an iron altar of Okawaru.
 12130 | D:9      | Reached skill level 10 in Spellcasting
 12218 | D:9      | Noticed a two-headed ogre
 12233 | D:9      | Killed a two-headed ogre
 12234 | D:9      | Reached XP level 11. HP: 64/64 MP: 16/27
 12308 | D:9      | Noticed a two-headed ogre
 12316 | D:9      | Killed a two-headed ogre
 12629 | D:9      | Acquired the ring "Hexyguif" {rF++ rCorr Str-2 Stlth+}
 12970 | D:10     | Entered Level 10 of the Dungeon
 13021 | D:10     | Noticed a two-headed ogre
 13369 | D:10     | Found a staircase to the Lair.
 13509 | D:10     | Offered knowledge of Scorch by Vehumet.
 13511 | D:10     | Reached skill level 10 in Dodging
 13511 | D:10     | Reached skill level 10 in Conjurations
 13525 | D:10     | Killed a two-headed ogre
 13525 | D:10     | Reached *** piety under Vehumet
 13526 | D:10     | Reached skill level 11 in Spellcasting
 14191 | D:10     | Found a shadowy altar of Dithmenos.
 14654 | D:9      | Learned a level 5 spell: Iskenderun's Battlesphere
 14689 | Lair:1   | Entered Level 1 of the Lair of Beasts
 14781 | Lair:1   | Reached skill level 1 in Shields
 14974 | Lair:1   | Offered knowledge of Sticky Flame by Vehumet.
 15169 | Lair:1   | Reached XP level 12. HP: 72/72 MP: 1/29
 16275 | Lair:2   | Reached skill level 12 in Spellcasting
 16335 | Lair:2   | Identified the +4 falchion of Deomop {heavy, *Slow Will+
                  | Int+2 SInv}
 16461 | Lair:2   | Found a staircase to the Shoals.
 16559 | Lair:2   | Demolished by a skyshark

Illustrated notes

Levels and vault maps discovered:
D:1:      eino_arrival_water_star, layout_basic,
          shapermc_ecumenical_altar_mp_highgroup
D:2:      layout_rooms, basic_altar
D:3:      layout_rooms, doesnt_xom_only_xom
D:4:      layout_rooms, uniq_pikel
D:5:      layout_basic
D:6:      layout_loops_corners, minmay_temple_entry_nine_rooms,
          serial_co_window_serial, co_window_cross_1, co_window_paths_b,
          co_window_paths_a, co_window_corner_a, co_window_paths_a,
          co_window_unsneaky_path_d, co_window_2corner, co_window_broadway_b,
          co_window_of_opportunity_c, co_window_2corner, co_window_paths_c,
          co_window_sun, glass_columns_a, glass_columns_a, glass_columns_b,
          glass_columns_b, glass_columns_b
D:7:      cheibrodos_barr_body, layout_basic, serial_shops, shop
D:8:      layout_basic, chequers_temple_overflow_statue_of_worship,
          enter_bailey_2, minmay_shop_enchanted_jewellery
D:9:      layout_long_grid, general_overflow_altar, chequers_mini_garden
D:10:     layout_rooms, nicolae_dithmenos_shadow_blocks, david_lair_generic
Temple:   nicolae_temple_slightly_damp_pantheon
Lair:1:   beast_lair_carwin_large_1, layout_hall_layers, serial_bayou,
          serial_bayou_pond_a, serial_bayou_shore_b, serial_bayou_pond_a,
          serial_bayou_pond_d, serial_bayou_crossing, gauntlet_entry_generic
Lair:2:   gammafunk_lair_enchanted_lake, layout_gridlike,
          nicolae_shoals_entry_roost, serial_bayou_pond_a, minivault_11,
          infiniplex_staircase_pool

Skill      XL: |  1  2  3  4  5  6  7  8  9 10 11 12 |
---------------+-------------------------------------+-----
Fighting       | 1 2 3 4 5 6 7 |  7.6
Dodging        | 3 5 7 8 9 10 11 | 11.3
Spellcasting   | 4 5 6 7 8 10 11 12 | 12.2
Conjurations   | 6 7 8 9 10 11 | 11.1
Translocations | 2 3 5 6 7 |  7.0
Hexes          | 2 4 6 7 |  7.0
Shields        | 1 2 |  2.6
Stealth        | |  2.4

Action                     |  1- 3 |  4- 6 |  7- 9 | 10-12 || total
---------------------------+-------+-------+-------+-------++-------
  Melee: Staff             |       |       |     2 |       ||     2
   Cast: Magic Dart        |    74 |    28 |    98 |    42 ||   242
         Searing Ray       |     1 |     4 |    18 |       ||    23
         Fulminant Prism   |       |       |    28 |   110 ||   138
         Iskenderun's Myst |       |       |     8 |    21 ||    29
         Orb of Destructio |       |       |       |    13 ||    13
         Iskenderun's Batt |       |       |       |    13 ||    13
    Use: Scroll            |       |     9 |    12 |     5 ||    26
         Potion            |       |     1 |     1 |     1 ||     3
 Armour: Robe              |     2 |     4 |    10 |       ||    16
         Steam dragon scal |       |       |     3 |     4 ||     7
  Dodge: Dodged            |     5 |     9 |    35 |    46 ||    95

Table legend: (Time is in decaauts)
 A = Elapsed time spent in this place.
 B = Non-inter-level travel time spent in this place.
 C = Inter-level travel time spent in this place.
 D = Time resting spent in this place.
 E = Time spent auto-exploring this place.
 F = Levels seen in this place.
 G = Mean time per level.
                   A        B        C        D        E       F      G
               +--------+--------+--------+--------+--------+-----+--------+
         Total |  16583 |  15334 |   1249 |   5966 |   7083 |  14 | 1184.5 |
       Dungeon |  14461 |  13365 |   1096 |   5513 |   6155 |  10 | 1446.1 |
        Temple |    191 |    172 |     19 |      0 |    148 |   1 |  191.0 |
          Lair |   1882 |   1748 |    134 |    444 |    780 |   2 |  941.0 |
        Bailey |     47 |     47 |      0 |      9 |      0 |   1 |   47.0 |
               +--------+--------+--------+--------+--------+-----+--------+

Top non-repeatable levels by time:
     D:9: 2409 daAuts
     D:6: 2077 daAuts
     D:7: 1812 daAuts
     D:8: 1718 daAuts
  Lair:1: 1486 daAuts
     D:1: 1421 daAuts
     D:3: 1340 daAuts
     D:5: 1045 daAuts
     D:4: 996 daAuts
    D:10: 916 daAuts
     D:2: 722 daAuts
  Lair:2: 395 daAuts
  Temple: 191 daAuts
  Bailey: 47 daAuts
